 Dungeon Crawl Stone Soup version 0.28.0 (webtiles) character file.

Game seed: 8459261510804348309

593 lonewolfV2 the Covered (level 7, -12/44 HPs)
             Began as a Gargoyle Fighter on Feb 10, 2022.
             Was an Initiate of Yredelemnul.
             Killed from afar by a steam dragon (22 damage)
             ... with a ball of steam
             ... on level 5 of the Dungeon.
             The game lasted 00:06:46 (4800 turns).

lonewolfV2 the Covered (Gargoyle Fighter)           Turns: 4800, Time: 00:06:47

Health: -12/44     AC: 12    Str: 20    XL:     7   Next: 39%
Magic:  7/7        EV:  9    Int:  8    God:    Yredelemnul [......]
Gold:   279        SH:  4    Dex: 11    Spells: 6/6 levels left

rFire   . . .      SeeInvis .   a - +0 flail
rCold   . . .      Faith    .   c - +0 buckler
rNeg    + . .      Spirit   .   b - +0 scale mail
rPois   ∞          Reflect  .   (no helmet)
rElec   +          Harm     .   f - scarf {repulsion}
rCorr   .          Rampage  .   (no gloves)
Will    .....                   (no boots)
Stlth   ..........              (no amulet)
HPRegen 0.14/turn               j - +4 ring of slaying
MPRegen 0.10/turn               k - ring of wizardry

@: about to teleport, repel missiles
A: sickness immunity, AC +4, negative energy resistance 1, electricity
resistance, torment resistance 1, petrification resistance
a: Renounce Religion, Recall Undead Harvest


You were on level 5 of the Dungeon.
You worshipped Yredelemnul.
Yredelemnul was noncommittal.
You visited 1 branch of the dungeon, and saw 5 of its levels.

You collected 279 gold pieces.

Inventory:

Hand Weapons
 a - a +0 flail (weapon)
Armour
 b - a +0 scale mail (worn)
 c - a +0 buckler (worn)
 f - a scarf of repulsion (worn)
Jewellery
 j - a +4 ring of slaying (left hand)
 k - a ring of wizardry (right hand)
Scrolls
 n - a scroll of enchant weapon {unknown}
Potions
 e - a potion of heal wounds
 g - a potion of ambrosia {unknown}
 i - 2 potions of degeneration
 l - a potion of mutation {unknown}
 m - a potion of curing
 o - a potion of berserk rage {unknown}


   Skills:
 + Level 5.0 Fighting
 + Level 4.9 Maces & Flails
 + Level 5.5 Armour
 + Level 1.1 Dodging
 + Level 0.6 Stealth
 + Level 4.2 Shields


You had 6 spell levels left.
You didn't know any spells.
Your spell library contained the following spells:

 Spells                   Type           Power      Damage    Failure   Level
 Animate Skeleton         Necr           0%         N/A       50%         1
 Apportation              Tloc           0%         N/A       50%         1
 Summon Small Mammal      Summ           0%         N/A       50%         1


Dungeon Overview and Level Annotations

Branches:
Dungeon (5/15)
 Temple: D:4-7

Altars:
Fedhas
Makhleb
Trog
Wu Jian
Yredelemnul

Shops:
D:3 [


Innate Abilities, Weirdness & Mutations

You are immune to sickness and miasma.
Your stone body is resilient. (AC +4)
You are immune to poison.
You resist negative energy. (rN+)
You are resistant to electric shocks. (rElec)
You are resistant to unholy torment.
You are immune to petrification.


Message History

The steam dragon closely misses you. You block the steam dragon's attack.
The iguana bites you. The steam dragon bites you. The steam dragon claws you.
You closely miss the iguana.
The iguana is almost dead.
You block the iguana's attack. The steam dragon breathes steam at you.
The ball of steam hits you.
* * * LOW HITPOINT WARNING * * *
You hit the iguana.
You kill the iguana!
A black mist starts to gather...
You are engulfed in a cloud of scalding steam.
* * * LOW HITPOINT WARNING * * *
The steam dragon bites you.
* * * LOW HITPOINT WARNING * * *
The steam dragon completely misses you.
As you read the scroll of teleportation, it crumbles to dust.
You feel strangely unstable.
You are engulfed in a cloud of scalding steam.
* * * LOW HITPOINT WARNING * * *
The steam dragon bites you but does no damage.
The steam dragon claws you but does no damage.
You sock the steam dragon!
The steam dragon is moderately wounded.
Your iguana zombie closely misses the steam dragon.
The steam dragon bites you but does no damage.
The steam dragon claws you but does no damage.
You sock the steam dragon!
The steam dragon is heavily wounded.
The steam dragon breathes steam at you. The ball of steam misses you.
Your iguana zombie barely misses the steam dragon.
You hit the steam dragon.
The steam dragon is severely wounded.
You are engulfed in a cloud of scalding steam.
The steam dragon breathes steam at you. The ball of steam hits you!!
Ouch! That really hurt!
You die...
Your body rises from the dead as a mindless zombie.

#.....# #.....#
#.....#
#.....############
#.....#..........#
#....##.<§.......#
###.###...§§§....#
#.......§.§....#
#####...§§@....#
#......D...#
#.......Z..#
########...# .#..#
.#.... .. #.. . ..


You could see a steam dragon (catching breath, ally target) and a friendly
iguana zombie.

Vanquished Creatures
  A kobold brigand (D:4)
  A scorpion (D:4)
  A water moccasin skeleton (D:5)
  A hound (D:5)
  2 orc priests (D:3)
  A gnoll shaman (D:4)
  2 iguanas
  8 adders
  9 gnolls
  4 worms
  A dart slug (D:1)
  10 orcs
  5 ball pythons
  3 endoplasms
  4 giant cockroaches
  4 goblins
  6 hobgoblins
  6 kobolds
  2 quokkas
  6 bats
  4 rats
81 creatures vanquished.

Vanquished Creatures (others)
  A gnoll zombie (D:4)
  A withered plant (D:4)
2 creatures vanquished.

Grand Total: 83 creatures vanquished

Notes
Turn   | Place    | Note
-------+----------+-------------------------------------------
     0 | D:1      | lonewolfV2 the Gargoyle Fighter began the quest for the
                  | Orb.
     0 | D:1      | Reached XP level 1. HP: 14/14 MP: 1/1
   115 | D:1      | Reached XP level 2. HP: 14/19 MP: 2/2
   389 | D:1      | Reached XP level 3. HP: 24/24 MP: 3/3
  1396 | D:2      | Found a faded altar of an unknown god.
  1507 | D:2      | Found a blossoming altar of Fedhas.
  2101 | D:3      | Found a bloodstained altar of Trog.
  2107 | D:3      | Found a burning altar of Makhleb.
  2178 | D:3      | Reached XP level 4. HP: 26/29 MP: 4/4
  2479 | D:3      | Found Wuezy's Armour Emporium.
  2727 | D:3      | Reached XP level 5. HP: 31/33 MP: 5/5
  3101 | D:4      | Reached XP level 6. HP: 35/38 MP: 6/6
  3149 | D:4      | Found a basalt altar of Yredelemnul.
  3170 | D:4      | Became a worshipper of Yredelemnul the Dark
  3203 | D:4      | Reached skill level 5 in Armour
  3285 | D:4      | Reached skill level 1 in Dodging
  3380 | D:4      | Found an ornate altar of the Wu Jian Council.
  3385 | D:4      | Reached * piety under Yredelemnul
  3398 | D:4      | Reached ** piety under Yredelemnul
  3399 | D:4      | Reached XP level 7. HP: 26/44 MP: 7/7
  3982 | D:5      | Entered Level 5 of the Dungeon
  4368 | D:5      | Reached skill level 5 in Fighting
  4781 | D:5      | Noticed a steam dragon
  4800 | D:5      | Killed from afar by a steam dragon

Illustrated notes

Levels and vault maps discovered:
D:1:      sevenhm_arrival_forest_fort_small_5, layout_basic, minmay_tetromino_t2
D:2:      layout_basic, basic_altar, nicolae_ecumenical_lake_church
D:3:      layout_loops_cross, amcnicky_altar_gilded, mainiacjoe_overflow_paths,
          serial_shops, nicolae_shop_hallway_plus, nrook_uturn
D:4:      layout_loops_ring, yredelemnul_altar_generic,
          nicolae_wu_jian_wuxing_cycle
D:5:      layout_rooms, lemuel_tele_altar, corexii_shack

Skill      XL: |  1  2  3  4  5  6  7 |
---------------+----------------------+-----
Armour         | 4 5 |  5.5
Fighting       | 4 5 |  5.0
Maces & Flails | 3 4 |  4.9
Shields        | 4 |  4.2
Dodging        | 1 |  1.1
Stealth        | |  0.6

Action                   |  1- 3 |  4- 6 |  7- 9 || total
-------------------------+-------+-------+-------++-------
Melee: Flail             |    78 |   109 |    51 ||   238
Invok: Recall Undead Har |       |       |     2 ||     2
  Use: Scroll            |     4 |     1 |     1 ||     6
       Potion            |       |       |     3 ||     3
Armor: Scale mail        |    46 |    43 |    48 ||   137
Dodge: Dodged            |    59 |    56 |    41 ||   156
       Repelled          |     3 |       |       ||     3
Block: Buckler           |    22 |    24 |    23 ||    69
